 Dungeon Crawl Stone Soup version 0.16-a0-231-g3d5c238 (webtiles) character file.

349889 Ololoev the Severer (level 22, -14/203 HPs)
             Began as a Hill Orc Chaos Knight on Aug 21, 2014.
             Was a Favourite Plaything of Xom.
             Demolished by an ettin zombie
             ... wielding a +0 dire flail
             ... animated by a necromancer
              (28 damage)
             ... on Level 5 of the Vaults.
             The game lasted 05:51:01 (50621 turns).

Ololoev the Severer (Hill Orc Chaos Knight)        Turns: 50621, Time: 05:51:01

HP -14/203       AC 32     Str 22      XL: 22   Next: 20%
MP   0/36        EV 17     Int 13      God: Xom
Gold 4076        SH  2     Dex 18      Spells:  5 memorised, 10 levels left

rFire  + + .     SeeInvis +     Y - +9 battleaxe (vamp)
rCold  + . .     Clarity  .     D - +7 chain mail "Schoz" {Slay+5}
rNeg   . . .     rCorr    .     (no shield)
rPois  +         rRot     .     (helmet restricted)
rElec  +         Spirit   +     n - +0 cloak
SustAb .         Warding  .     B - +2 pair of gloves
rMut   .         Stasis   .     (no boots)
Gourm  .                        E - amulet of guardian spirit
MR     +....                    b - ring of protection from cold
                                s - ring of see invisible

@: lethally poisoned, exhausted, about to teleport, marked, slowed, very slow,
somewhat resistant to hostile enchantments, extremely unstealthy
A: horns 1, talons 1, icy blue scales 1, large bone plates 1, thin metallic
scales 1, agile 1, breathe flames 3, clever 2, fire resistance 2, sense
surroundings 2, poison resistance, electricity resistance, spit poison 3,
evolution 2
a: Spit Poison, Renounce Religion, Breathe Fire
}: 2/15 runes: serpentine, barnacled


You were on level 5 of the Vaults.
You worshipped Xom.
You were a very special plaything of Xom.
You were not hungry.

You visited 7 branches of the dungeon, and saw 43 of its levels.
You also visited: Bailey and Volcano.

You collected 6059 gold pieces.
You spent 1896 gold pieces at shops.

Inventory:

Hand weapons
 T - a +1 battleaxe of freezing
 Y - a +9 vampiric battleaxe (weapon)
Armour
 n - a +0 cloak (worn)
 q - a +3 plate armour of magic resistance
 B - a +2 pair of gloves (worn)
 D - the +7 chain mail "Schoz" (worn) {Slay+5}
   (You bought it in a shop on level 4 of the Orcish Mines)

   It affects your accuracy and damage with ranged weapons and melee attacks
   (+5).
Magical devices
 m - a wand of flame (13)
 p - a wand of teleportation (4)
 x - a wand of teleportation (4)
 z - a wand of heal wounds (1)
 F - a wand of hasting (1)
 H - a wand of heal wounds (2)
Comestibles
 c - 24 meat rations
 f - 27 bread rations
 l - 39 fruits
 o - 2 rotting chunks of ogre flesh
 W - 2 beef jerkies
Scrolls
 a - 3 scrolls of blinking
 g - 6 scrolls of recharging
 h - 9 scrolls of teleportation
 j - 11 scrolls of remove curse
 t - a scroll of fog
 y - 4 scrolls of magic mapping
 C - a scroll of silence
 G - 2 scrolls of summoning
 S - 34 scrolls of identify
 U - 2 scrolls of fear
 X - a scroll of immolation
Jewellery
 b - a ring of protection from cold (right hand)
 s - a ring of see invisible (left hand)
 w - an uncursed ring of flight
 E - an amulet of guardian spirit (around neck)
 L - an uncursed amulet of resist mutation
Potions
 d - 4 potions of restore abilities
 e - 8 potions of brilliance
 i - 16 potions of curing
 k - a potion of magic
 r - a potion of cure mutation
 u - 4 potions of invisibility
 v - 9 potions of might
 A - 4 potions of cancellation
 K - 7 potions of resistance
 R - a potion of haste {unknown}
Miscellaneous
 O - a lamp of fire


   Skills:
 + Level 18.4 Fighting
 - Level 20.1 Axes
 * Level 19.6 Armour
 + Level 15.6 Dodging
 - Level 7.3 Charms
 - Level 6.3 Necromancy
 - Level 5.0 Translocations
 - Level 5.4 Air Magic
 - Level 14.0 Evocations


You had 10 spell levels left.
You knew the following spells:

 Your Spells              Type           Power        Failure   Level  Hunger
a - Repel Missiles        Chrm/Air       ###...       12%         2    ###....
b - Blink                 Tloc           N/A          17%         2    ###....
c - Flight                Chrm/Air       ###.......   21%         3    ####...
d - Apportation           Tloc           ##........   12%         1    ##.....
e - Regeneration          Chrm/Necr      ###.......   17%         3    ####...


Dungeon Overview and Level Annotations

Branches:
Dungeon (15/15)            Temple (1/1) D:6             Orc (4/4) D:9
    Elf (0/3) Orc:4          Lair (8/8) D:9          Shoals (5/5) Lair:3
  Snake (5/5) Lair:3        Slime (0/6) Lair:7       Vaults (5/5) D:14
  Crypt (0/3) Vaults:2     Depths (0/5) D:15

Altars:
Cheibriados
Dithmenos
Elyvilon
Fedhas
Gozag
Makhleb
Qazlal
Vehumet
Xom
Zin
The Shining One
Beogh

Shops:
D:4 *   D:6 %   D:10 ?   Orc:3 }   Orc:4 (!?[

Portals:
Trove: D:10 (give 7 potions of haste)


Innate Abilities, Weirdness & Mutations

You have a pair of small horns on your head.
You have sharp toenails.
You are partially covered in icy blue scales (AC +1).
You are partially covered in large bone plates (AC +2, SH +2).
You are partially covered in thin metallic scales (AC +2).
You are agile. (Dex +2)
You can breathe blasts of fire.
Your mind is very acute. (Int +4)
Your flesh is very heat resistant.
You passively map the area around you.
Your system is resistant to poisons.
You are resistant to electric shocks.
You can spit strong poison.
You rapidly evolve.


Message History

The sphinx closely misses you.
The sphinx mumbles some strange words.
Something smites you!
* * * LOW HITPOINT WARNING * * *
The ettin zombie hits you with a dire flail!!
* * * LOW HITPOINT WARNING * * *
The ettin zombie misses you. The deep elf death mage misses you.
The boulder beetle curls into a ball and starts rolling!
The boulder beetle smashes into the tengu simulacrum!
The boulder beetle stops rolling.
The sphinx hits you but does no damage. The sphinx closely misses you.
The sphinx hits you but does no damage.
The sphinx mumbles some strange words.
Something smites you!
* * * LOW HITPOINT WARNING * * *
The human zombie closely misses you.
The vault sentinel blows on a signal horn!
The ettin zombie hits you but does no damage.
The ettin zombie hits you with a dire flail!!
You die...
Xom howls with laughter!

########.....# *#.e#....#. #, ,,
........ , #..#....#..# #
..#####... ,#..#....#..# #,
...#...#$.. ,, #..#..p.#Hc# # ,
...#...#.. #..#....#..# # ,
#...#, ,, #.)#....#X.#
#########...#########Zp#....#..##
................ZHDcZTC#...(#%...
......)........Z@eppZZZsH)..T%...
######################BD......###
.. , , ................. .... , ,
................ #### **
*################


You could see a shadow dragon, a titan, a golden dragon, 2 sphinxes, a yaktaur
captain, a boulder beetle, a vault guard, a deep elf death mage, a deep troll, a
vault sentinel, a necromancer (invisible), a redback, a tengu simulacrum, an
ettin simulacrum, a jumping spider zombie, a tarantella zombie, a yaktaur
zombie, an ettin zombie and a human zombie.

Vanquished Creatures
  A golden dragon (Vaults:5)
  4 tentacled monstrosities (Vaults:5)
  Asterion (Vaults:3)
  Vashnia (Snake:5)
  A quicksilver dragon (Vaults:5)
  3 titans (Vaults:5)
  A sphinx (Vaults:5)
  Polyphemus (Shoals:2)
  5 storm dragons
  A kraken (Shoals:5)
  4 shadow dragons
  Rupert (Lair:6)
  3 tengu reavers (Vaults:5)
  8 greater nagas
  2 frost giants
  Maud (Lair:6)
  A deep elf sorcerer (Vaults:1)
  4 fire giants
  2 iron dragons (Vaults:5)
  Aizul (Snake:3)
  11 vault wardens
  A war gargoyle (Vaults:4)
  A deep elf demonologist (Vaults:5)
  8 stone giants
  A deep elf annihilator (Vaults:5)
  6 dire elephants (Lair:8)
  Snorg (Lair:5)
  2 merfolk javelineers (Shoals:5)
  11 ironheart preservers
  2 deep elf death magi
  5 merfolk impalers
  Josephine (Shoals:1)
  A fire dragon (D:13)
  A deep elf high priest (Vaults:5)
  7 ettins
  12 yaktaur captains
  28 vault guards
  Fannar (D:11)
  11 hydras
  Harold (D:13)
  An ice dragon (Vaults:2)
  15 anacondas
  11 centaur warriors
  12 naga warriors
  The ghost of haldagan the Grappler, an experienced TrTm of Cheibriados (D:10)
  14 ogre magi
  5 merfolk aquamancers
  2 satyrs (Shoals:3)
  A ravenous item mimic (Vaults:5)
  A deep troll shaman (Vaults:4)
  A deep troll earth mage (Vaults:2)
  23 death yaks
  A fire crab (Vaults:2)
  11 naga sharpshooters
  A sun demon (Snake:1)
  8 shock serpents
  5 deep elf knights
  A titan skeleton (Vaults:5)
  3 salamander mystics (Snake:5)
  14 skeletal warriors
  A catoblepas (Shoals:2)
  8 sea snakes
  A swamp dragon (shapeshifter) (Vaults:5)
  4 shadow wraiths
  8 deep trolls
  4 unseen horrors
  2 deep elf summoners (Vaults:1)
  4 lindwurms (Snake:5)
  7 naga ritualists
  A deep elf conjurer (Vaults:3)
  4 hill giants
  9 ironbrand convokers
  3 necromancers
  A tengu zombie (Vaults:5)
  12 orc knights
  2 wizards (D:14)
  A wolf spider (Vaults:1)
  A red wasp (shapeshifter) (Vaults:4)
  11 salamanders
  2 orc sorcerers
  10 ugly things
  15 mana vipers
  2 fire giant zombies (Vaults:5)
  3 fauns (Shoals:3)
  3 manticores
  3 oklob plants (Lair:7)
  8 griffons
  A water nymph (Shoals:5)
  2 mermaids
  8 cyclopes
  A cyclops (shapeshifter) (Vaults:5)
  A phantasmal warrior (Vaults:5)
  13 vault sentinels
  An apocalypse crab (Vaults:1)
  The ghost of haldagan the Chiller, an experienced OpIE of Qazlal (D:6)
  58 black mambas
  A red wasp (Vaults:4)
  A sixfirhy (Vaults:3)
  A molten gargoyle (Volcano)
  9 guardian serpents
  25 naga magi
  13 elephants
  6 komodo dragons
  A sea snake zombie (Shoals:1)
  14 spiny frogs
  5 gargoyles
  A merfolk zombie (Shoals:1)
  An efreet (D:14)
  2 feature mimics
  An elf (shapeshifter) (Vaults:2)
  47 yaktaurs
  4 demonic crawlers (Vaults:1)
  3 deep elf priests
  2 fire drakes
  7 kobold demonologists
  28 merfolk
  4 freezing wraiths
  A queen bee (Vaults:3)
  19 two-headed ogres
  2 polar bears
  3 wind drakes
  14 slime creatures
  3 snapping turtles
  Prince Ribbit (D:7)
  A jumping spider (Vaults:1)
  15 blink frogs
  A boulder beetle (Vaults:3)
  2 human zombies
  2 basilisks
  A fire giant simulacrum (Vaults:1)
  A satyr skeleton (Shoals:1)
  2 wyverns
  7 redbacks
  A wraith (Vaults:1)
  A griffon skeleton (D:13)
  2 fire elementals (Volcano)
  A spriggan (shapeshifter) (Vaults:1)
  8 water elementals
  4 tarantellas
  43 yaks
  Eustachio (D:6)
  5 deep elf magi
  2 hungry ghosts
  21 humans (D:14)
  A steam dragon (Lair:2)
  16 vampire mosquitoes
  8 deep elf fighters
  A yaktaur simulacrum (Vaults:3)
  2 wargs
  28 water moccasins
  A soldier ant (D:13)
  6 hippogriffs
  4 mottled dragons
  2 wolves (Lair:3)
  41 nagas
  6 porcupines
  6 sky beasts
  49 orc warriors
  A necrophage (D:11)
  36 centaurs
  A mermaid zombie (Shoals:1)
  4 black bears
  A yellow wasp (D:13)
  3 phantoms
  8 ice beasts
  19 crocodiles
  A human skeleton (Vaults:1)
  An ogre (shapeshifter) (Vaults:5)
  55 ogres
  A big kobold (shapeshifter) (Vaults:5)
  6 boggarts
  A yaktaur zombie (Vaults:4)
  A merfolk simulacrum (Shoals:1)
  7 big kobolds
  17 giant frogs
  4 scorpions
  7 killer bees
  A human simulacrum (Vaults:1)
  8 wights
  13 crimson imps
  21 hounds
  4 electric eels
  A soldier ant zombie (D:13)
  A two-headed ogre zombie (D:7)
  A giant frog skeleton (D:11)
  2 goliath beetles (D:7)
  32 orc priests
  2 centaur zombies (D:13)
  A lava snake (Lair:8)
  5 quasits
  7 jellies
  4 iron imps
  9 iguanas
  32 orc wizards
  6 orange rats (Vaults:1)
  13 worker ants
  21 sheep
  A killer bee zombie (D:8)
  A centaur simulacrum (Shoals:1)
  An ogre skeleton (D:7)
  An ogre zombie (D:10)
  A mummy (D:11)
  75 green rats
  6 shadow imps
  28 adders
  A giant mite (D:9)
  A gnoll (D:5)
  2 orc skeletons
  5 white imps
  3 worms
  5 ufetubi
  An adder zombie (D:7)
  4 giant geckos
  259 orcs
  13 bats
  A bat zombie (D:5)
  15 hobgoblins
  50 kobolds
  A quokka (shapeshifter) (D:2)
  12 quokkas
  2 ball pythons (Lair:3)
  4 giant cockroaches
  7 giant newts
  A giant spore (D:6)
  33 goblins
  A goblin skeleton (D:4)
  3 jackals (D:8)
  A quokka zombie (D:6)
  17 rats
  A rat zombie (D:5)
  3 ballistomycetes
  6 fungi
  14 plants
  2 tentacles (Shoals:5)
1956 creatures vanquished.

Vanquished Creatures (collateral kills)
  A fire giant (Vaults:4)
  A hydra (Lair:8)
  A salamander mystic (Snake:5)
  An unseen horror (D:12)
  An ironbrand convoker (Vaults:4)
  A lindwurm (Volcano)
  An ugly thing (D:11)
  A black mamba (Lair:2)
  A gargoyle (Volcano)
  A naga mage (Snake:5)
  A yaktaur (Vaults:4)
  A jumping spider (Vaults:5)
  A two-headed ogre (D:10)
  A merfolk (Shoals:2)
  2 orc warriors
  A centaur (Vaults:4)
  A big kobold (D:10)
  2 killer bees (D:9)
  2 orc priests
  An orc wizard (Orc:3)
  An adder (D:11)
  15 orcs
  A hobgoblin (D:4)
40 creatures vanquished.

Vanquished Creatures (others)
  3 dancing weapons
  6 fire vortices (Volcano)
  A fire elemental (Vaults:5)
  A human zombie (Vaults:1)
  2 nagas
  An orc warrior (Vaults:4)
  3 lost souls (Vaults:5)
  3 centaurs (Orc:4)
  3 crimson imps
  2 quasits
  3 iron imps
  A hound (D:7)
  6 white imps
  2 shadow imps
  10 ufetubi
  3 orcs
  A quokka (D:7)
  A giant gecko zombie (D:5)
  3 giant spores
  A hobgoblin zombie (D:4)
  10 fungi
  12 plants
  6 tentacles (Shoals:5)
  19 tentacle segments (Shoals:5)
103 creatures vanquished.

Grand Total: 2099 creatures vanquished

Notes
Turn   | Place    | Note
--------------------------------------------------------------
     0 | D:1      | Ololoev, the Hill Orc Chaos Knight, began the quest for the Orb.
     0 | D:1      | Reached XP level 1. HP: 19/19 MP: 1/1
    77 | D:1      | XOM: harmless Trmt miscast
   312 | D:1      | XOM: give mutations
   312 | D:1      | Gained mutation: You are partially covered in large bone plates (AC +2, SH +2). [Xom's mischief]
   312 | D:1      | Gained mutation: You are partially covered in thin metallic scales (AC +2). [Xom's mischief]
   312 | D:1      | Gained mutation: Your flesh is heat resistant. [Xom's mischief]
   324 | D:1      | XOM: harmless Hex miscast
   455 | D:1      | XOM: colour smoke trail
   492 | D:1      | Reached XP level 2. HP: 17/26 MP: 2/2
   726 | D:1      | Reached skill level 5 in Axes
   893 | D:1      | Reached XP level 3. HP: 22/31 MP: 3/3
   941 | D:1      | XOM: harmless Trmt miscast
   981 | D:1      | XOM: vitrification
  1349 | D:2      | XOM: enchant monster (bad)
  1488 | D:2      | XOM: mild Erth miscast
  1647 | D:2      | Reached skill level 6 in Axes
  1699 | D:2      | XOM: harmless Necr miscast
  1753 | D:2      | Reached XP level 4. HP: 39/39 MP: 4/4
  2417 | D:3      | Noticed a sky beast
  2435 | D:3      | Killed a sky beast
  2435 | D:3      | Reached skill level 8 in Axes
  2435 | D:3      | Reached XP level 5. HP: 45/45 MP: 5/5
  2520 | D:3      | XOM: give mutations
  2520 | D:3      | Gained mutation: You are agile. (Dex +2) [Xom's grace]
  2520 | D:3      | Gained mutation: You can breathe flames. [Xom's grace]
  2570 | D:3      | XOM: mild Ice miscast
  2643 | D:3      | XOM: mild Erth miscast
  2730 | D:3      | XOM: cast spell 'Blink'
  2731 | D:3      | Reached XP level 6. HP: 39/51 MP: 6/6
  2783 | D:3      | XOM: harmless Fire miscast
  3081 | D:4      | XOM: summons 3 friendly demons
  3088 | D:3      | Reached skill level 9 in Axes
  3518 | D:4      | XOM: medium Erth miscast
  3545 | D:4      | Found Dobyihata's Serpentskin Sales.
  3549 | D:4      | Bought a potion of poison for 13 gold pieces
  3664 | D:5      | Entered Level 5 of the Dungeon
  3701 | D:5      | Reached XP level 7. HP: 49/59 MP: 7/7
  3887 | D:5      | XOM: god gift: 3 tomahawks of returning
  3894 | D:5      | Reached skill level 10 in Axes
  3991 | D:5      | XOM: cast spell 'Statue Form'
  3996 | D:5      | XOM: blink monster(s)
  4135 | D:5      | Reached skill level 5 in Fighting
  4135 | D:5      | Reached XP level 8. HP: 62/68 MP: 8/8
  4174 | D:5      | Reached skill level 11 in Axes
  4231 | D:5      | Got a smoking leather armour
  4242 | D:5      | Identified the cursed +2 leather armour of Subjectivity {Dex+1 Int+3} (You found it on level 5 of the Dungeon)
  4306 | D:5      | XOM: draining
  4340 | D:5      | XOM: polymorph kobold -> gnoll
  4473 | D:5      | XOM: polymorph rat -> giant gecko
  4534 | D:5      | XOM: torment (29/69 hp)
  4879 | D:5      | Found a white marble altar of Elyvilon.
  5168 | D:6      | XOM: 1-stop teleportation journey
  5175 | D:6      | Found Hageot's Food Shop.
  5192 | D:6      | Found a stormy altar of Qazlal.
  5269 | D:6      | XOM: stat loss: -1 Dex (13/14)
  5316 | D:6      | Reached skill level 5 in Armour
  5318 | D:6      | Reached skill level 12 in Axes
  5318 | D:6      | XOM: harmless Ice miscast
  5368 | D:6      | XOM: summons 2 hostile shadow creatures
  5453 | D:6      | XOM: harmless Necr miscast
  5488 | D:6      | Reached skill level 1 in Evocations
  5544 | D:6      | Found a snail-covered altar of Cheibriados.
  5546 | D:6      | Found a staircase to the Ecumenical Temple.
  5548 | D:6      | Noticed Eustachio
  5553 | D:6      | XOM: chaos upgrade
  5563 | D:6      | Killed Eustachio
  5563 | D:6      | Reached XP level 9. HP: 75/75 MP: 9/13
  5754 | Temple   | Entered the Ecumenical Temple
  5823 | D:6      | Noticed haldagan's ghost (experienced OpIE)
  5843 | D:6      | XOM: enchant monster (good)
  5844 | D:6      | Killed haldagan's ghost
  5844 | D:6      | Reached skill level 5 in Evocations
  6039 | D:7      | Found a shimmering altar of Xom.
  6071 | D:6      | XOM: mild Ice miscast
  6130 | D:7      | Found a radiant altar of Vehumet.
  6144 | D:7      | Found an opulent altar of Gozag.
  6239 | D:7      | Gained mutation: Your spells are a little easier to cast, but a little less powerful. [potion of mutation]
  6239 | D:7      | Gained mutation: Your body is slowly deteriorating. [potion of mutation]
  6240 | D:7      | Gained mutation: You possess an exceptional clarity of mind. [potion of mutation]
  6368 | D:7      | Got a dazzling hand axe
  6369 | D:7      | Identified the cursed -2 hand axe of the End of Times {speed, *Tele rN+ Str+4 SInv} (You took it off a kobold on level 7 of the Dungeon)
  6631 | D:7      | XOM: divination: detect creatures
  6888 | D:7      | XOM: medium Tloc miscast
  6912 | D:7      | Noticed Prince Ribbit
  6924 | D:7      | Killed Prince Ribbit
  7226 | D:8      | XOM: mild Conj miscast
  7263 | D:8      | Found a shadowy altar of Dithmenos.
  7390 | D:8      | XOM: fake destruction
  7513 | D:8      | Reached XP level 10. HP: 83/83 MP: 20/22
  7707 | D:8      | XOM: potion effect (brilliance)
  7728 | D:8      | XOM: vitrification
  7823 | D:8      | Reached skill level 10 in Evocations
  7876 | D:8      | XOM: give mutations
  7876 | D:8      | Gained mutation: You are resistant to electric shocks. [Xom's grace]
  7876 | D:8      | Lost mutation: Your spells are a little easier to cast, but a little less powerful. [Xom's grace]
  7876 | D:8      | Gained mutation: Your mind is acute. (Int +2) [Xom's grace]
  7876 | D:8      | Gained mutation: You are partially covered in icy blue scales (AC +1). [Xom's grace]
  8034 | D:8      | XOM: god gift: long glass wand {god gift}
  8491 | D:9      | XOM: confuse monster(s)
  8495 | D:9      | XOM: swap monsters
  8541 | D:9      | Found a staircase to the Orcish Mines.
  8700 | D:9      | Found a roughly hewn altar of Beogh.
  8705 | D:9      | XOM: divine lightning (protected)
  8721 | D:9      | XOM: summons friendly ynoxinul
  8742 | D:9      | XOM: give mutations
  8742 | D:9      | Gained mutation: You can spit poison. [Xom's grace]
  8742 | D:9      | Gained mutation: You passively map a small area around you. [Xom's grace]
  8742 | D:9      | Gained mutation: Your system is resistant to poisons. [Xom's grace]
  8957 | D:9      | Found a staircase to the Lair.
  8963 | D:9      | XOM: divination: detect creatures
  9019 | D:9      | XOM: give mutations
  9019 | D:9      | Gained mutation: You can spit moderately strong poison. [Xom's grace]
  9019 | D:9      | Gained mutation: You are robust (+10% HP). [Xom's grace]
  9204 | D:9      | Found a roughly hewn altar of Beogh.
  9212 | D:9      | Got an ancient whip
  9260 | D:9      | Identified the +4 whip of Dismay {speed, rF+ rN+ Dex+4 SInv} (You found it on level 9 of the Dungeon)
  9497 | D:9      | XOM: cast spell 'Dragon Form'
  9522 | D:10     | Entered Level 10 of the Dungeon
  9555 | D:10     | Learned a level 2 spell: Repel Missiles
  9558 | D:10     | Learned a level 2 spell: Blink
  9641 | D:10     | XOM: confuse monster(s)
  9747 | D:10     | Noticed haldagan's ghost (experienced TrTm)
  9760 | D:10     | XOM: cast spell 'Cause Fear'
  9777 | D:10     | XOM: swap monsters
  9785 | D:10     | Killed haldagan's ghost
 10065 | D:10     | Noticed a vault guard
 10074 | D:10     | XOM: 3-stop teleportation journey
 10139 | D:10     | XOM: god gift: leather armour {god gift}
 10145 | D:10     | XOM: summons 10 friendly demons
 10149 | D:10     | Reached skill level 13 in Axes
 10149 | D:10     | Reached XP level 11. HP: 97/97 MP: 25/25
 10291 | D:10     | XOM: god gift: wooden wand {god gift}
 10361 | D:10     | XOM: divination: detect items
 10543 | D:10     | Killed a vault guard
 10652 | D:10     | Found Bliroubb's Magic Scroll Shop.
 10661 | D:10     | Bought a scroll of identify for 28 gold pieces
 10661 | D:10     | Bought a scroll of identify for 28 gold pieces
 10661 | D:10     | Bought a scroll of summoning for 133 gold pieces
 10661 | D:10     | Bought a scroll of identify for 28 gold pieces
 10661 | D:10     | Bought 2 scrolls of enchant weapon for 210 gold pieces
 10661 | D:10     | Bought a scroll of identify for 28 gold pieces
 10678 | D:10     | Noticed an unseen horror
 10706 | D:10     | Killed an unseen horror
 10914 | D:10     | Reached skill level 14 in Axes
 11072 | D:10     | Found a portal to a secret trove of treasure.
 11125 | D:10     | XOM: confuse monster(s)
 11361 | D:11     | Lost mutation: You can spit moderately strong poison. [mutagenic meat]
 11374 | D:11     | Noticed Fannar
 11396 | D:11     | XOM: summons 7 friendly demons
 11401 | D:11     | Killed Fannar
 11419 | D:11     | Noticed an unseen horror
 11441 | D:11     | Killed an unseen horror
 11456 | D:11     | XOM: divination: magic mapping
 11536 | D:11     | XOM: god gift: scroll of teleportation
 11608 | D:11     | XOM: divination: magic mapping
 11799 | D:11     | Reached skill level 15 in Axes
 11802 | D:11     | Got a shimmering robe
 11813 | D:11     | Identified the +1 robe "Kumutid" {Dex+2} (You took it off a centaur on level 11 of the Dungeon)
 12002 | D:11     | XOM: scenery: 1 doors close
 12132 | D:11     | XOM: confuse monster(s)
 12135 | D:11     | Found a radiant altar of Vehumet.
 12234 | D:11     | Reached XP level 12. HP: 101/111 MP: 27/27
 12416 | D:11     | XOM: silly message
 12417 | D:11     | XOM: enchant monster (good)
 12424 | D:11     | XOM: summons 3 friendly demons
 12430 | D:11     | XOM: polymorph ufetubus -> shadow imp
 12955 | D:12     | XOM: harmless Tloc miscast
 13002 | D:12     | XOM: divination: detect items
 13103 | D:12     | XOM: cast spell 'Discord'
 13105 | D:12     | Reached skill level 16 in Axes
 13620 | Orc:1    | Entered Level 1 of the Orcish Mines
 14590 | Orc:1    | XOM: divination: magic mapping
 14892 | D:9      | XOM: god gift: scroll labeled YPSASTRI CHUQ
 14915 | Lair:1   | Entered Level 1 of the Lair of Beasts
 14918 | Lair:1   | Identified a scroll of acquirement
 14919 | Lair:1   | Got an encrusted buckler
 14926 | Lair:1   | Identified the +0 buckler of Misanthropy {Dex+1 Int+2 Slay+3} (You acquired it on level 1 of the Lair of Beasts)
 14969 | Lair:1   | XOM: enchant monster (good)
 15141 | Lair:1   | Found a dark tunnel.
 15146 | Volcano  | Entered a volcano
 15187 | Volcano  | XOM: cast spell 'Summon Butterflies'
 15226 | Volcano  | XOM: summons friendly white imp
 15248 | Volcano  | XOM: summons friendly crimson imp
 15258 | Volcano  | XOM: potion effect (curing)
 15259 | Volcano  | XOM: summons friendly crimson imp
 15383 | Volcano  | Learned a level 3 spell: Flight
 15511 | Volcano  | Reached skill level 17 in Axes
 15557 | Lair:1   | XOM: mild Fire miscast
 15651 | Lair:1   | XOM: 2-stop teleportation journey
 15652 | Lair:1   | XOM: silly message
 15653 | Lair:1   | XOM: blink monster(s)
 15934 | Lair:1   | Noticed a seven-headed hydra
 15939 | Lair:1   | XOM: draining
 15948 | Lair:1   | Killed a two-headed hydra
 16077 | Lair:1   | XOM: polymorph quokka -> green rat
 16130 | Lair:1   | Reached XP level 13. HP: 112/124 MP: 24/28
 16153 | Lair:1   | Reached skill level 10 in Fighting
 16207 | Lair:1   | XOM: torment (70/124 hp)
 16840 | Lair:2   | Reached skill level 1 in Charms
 17107 | Lair:2   | Reached skill level 1 in Air Magic
 17154 | Lair:2   | XOM: enchant monster (good)
 17157 | Lair:2   | XOM: potion effect (haste)
 17203 | Lair:2   | Learned a level 1 spell: Apportation
 17458 | Lair:2   | XOM: god gift: fizzy green potion
 17460 | Lair:2   | XOM: summons friendly white imp
 17936 | Lair:2   | XOM: noise
 17939 | Lair:2   | Reached skill level 18 in Axes
 18056 | Lair:3   | Found a staircase to the Shoals.
 18081 | Shoals:1 | Entered Level 1 of the Shoals
 18520 | Lair:3   | Found a staircase to the Snake Pit.
 18955 | Lair:3   | XOM: medium Pois miscast
 19185 | Lair:3   | XOM: noise
 19380 | Lair:4   | XOM: divination: detect items
 19581 | Lair:4   | XOM: harmless Chrm miscast
 19915 | Lair:4   | Reached skill level 10 in Armour
 19939 | Lair:4   | XOM: colour smoke trail
 20063 | Lair:4   | XOM: summons 3 hostile shadow creatures
 20124 | Lair:5   | Noticed Snorg
 20126 | Lair:5   | XOM: potion effect (agility)
 20141 | Lair:5   | Killed Snorg
 20141 | Lair:5   | Reached skill level 19 in Axes
 20160 | Lair:5   | XOM: 2-stop teleportation journey
 20511 | Lair:5   | XOM: scenery: create altars
 20701 | Lair:5   | XOM: blink monster(s)
 20711 | Lair:5   | XOM: potion effect (brilliance)
 20764 | Lair:5   | XOM: potion effect (invisibility)
 21084 | Lair:5   | XOM: harmless Necr miscast
 21516 | Lair:6   | Reached XP level 14. HP: 133/133 MP: 29/29
 21524 | Lair:6   | XOM: enchant monster (good)
 21694 | Lair:6   | XOM: harmless Hex miscast
 21713 | Lair:6   | Noticed Maud
 21731 | Lair:6   | XOM: potion effect (haste)
 21737 | Lair:6   | Killed Maud
 21968 | Lair:6   | Noticed Rupert
 21971 | Lair:6   | Paralysed by Rupert for 6 turns
 21972 | Lair:6   | XOM: potion effect (might)
 21978 | Lair:6   | XOM: silly message
 21990 | Lair:6   | XOM: potion effect (brilliance)
 21993 | Lair:6   | XOM: potion effect (invisibility)
 21996 | Lair:6   | Killed Rupert
 21996 | Lair:6   | Reached skill level 20 in Axes
 22314 | Lair:6   | Reached skill level 1 in Dodging
 22692 | Lair:7   | XOM: summons friendly quasit
 22829 | Lair:7   | XOM: mild Erth miscast
 22865 | Lair:7   | XOM: vitrification
 22887 | Lair:7   | XOM: summons friendly crimson imp
 22964 | Lair:7   | XOM: enchant monster (bad)
 23168 | Lair:7   | Found a staircase to the Slime Pits.
 23184 | Lair:7   | XOM: summons 6 friendly demons
 23189 | Lair:7   | XOM: enchant monster (bad)
 23397 | Lair:7   | XOM: medium Erth miscast
 23445 | Lair:7   | XOM: 1-stop teleportation journey
 23819 | Lair:7   | XOM: silly message
 23825 | Lair:7   | XOM: silly message
 24176 | Lair:8   | XOM: noise
 24176 | Lair:8   | Entered Level 8 of the Lair of Beasts
 24183 | Lair:8   | XOM: enchant monster (bad)
 24206 | Lair:8   | XOM: enchant monster (bad)
 24245 | Lair:8   | XOM: mild Hex miscast
 24507 | Lair:8   | XOM: summons 4 friendly demons
 24516 | Lair:8   | XOM: noise
 24661 | Lair:8   | XOM: divination: detect creatures
 24668 | Lair:8   | XOM: mild Chrm miscast
 24678 | Lair:8   | XOM: enchant monster (bad)
 24686 | Lair:8   | XOM: potion effect (curing)
 24694 | Lair:8   | XOM: noise
 24697 | Lair:8   | XOM: confuse monster(s)
 24705 | Lair:8   | XOM: fake destruction
 24709 | Lair:8   | XOM: medium Summ miscast
 24710 | Lair:8   | Reached skill level 5 in Dodging
 24717 | Lair:8   | XOM: mild Pois miscast
 24729 | Lair:8   | XOM: harmless Conj miscast
 24731 | Lair:8   | XOM: enchant monster (good)
 24738 | Lair:8   | XOM: summons friendly iron imp
 24755 | Lair:8   | XOM: cast spell 'Olgreb's Toxic Radiance'
 24763 | Lair:8   | XOM: cast spell 'Olgreb's Toxic Radiance'
 24908 | Lair:8   | XOM: vitrification
 24936 | Lair:8   | XOM: confuse monster(s)
 24957 | Lair:8   | Reached XP level 15. HP: 106/138 MP: 19/30
 25265 | Lair:8   | XOM: harmless Pois miscast
 25502 | Lair:8   | XOM: medium Fire miscast
 25723 | Lair:8   | XOM: mild Pois miscast
 25789 | Lair:8   | XOM: enchant monster (bad)
 25964 | Lair:8   | XOM: summons friendly ufetubus
 26061 | Lair:8   | XOM: mild Divn miscast
 26073 | Lair:8   | XOM: enchant monster (bad)
 26077 | Lair:8   | XOM: confuse monster(s)
 26080 | Lair:8   | XOM: enchant monster (bad)
 26081 | Lair:8   | XOM: polymorph death yak -> dire elephant
 26101 | Lair:8   | XOM: enchant monster (bad)
 26416 | Lair:8   | XOM: medium Divn miscast
 26469 | Lair:8   | XOM: colour smoke trail
 26470 | Lair:8   | XOM: harmless Conj miscast
 26514 | Lair:8   | XOM: harmless Hex miscast
 26516 | Lair:8   | XOM: destruction
 26518 | Lair:8   | XOM: summons friendly ufetubus
 26521 | Lair:8   | XOM: divine lightning (protected)
 26555 | Lair:8   | XOM: mild Trmt miscast
 26608 | Lair:8   | XOM: colour smoke trail
 26618 | Lair:8   | XOM: harmless Pois miscast
 26656 | Lair:8   | XOM: medium Summ miscast
 26681 | Lair:7   | XOM: silly message
 26741 | Lair:6   | XOM: vitrification
 26974 | D:9      | XOM: mild Trmt miscast
 27072 | Orc:2    | XOM: divination: magic mapping
 27102 | Orc:2    | XOM: god gift: wand of lightning {god gift}
 27702 | Orc:3    | Found Ymimipp's Gadget Emporium.
 27718 | Orc:3    | Bought a plain deck of wonders for 238 gold pieces
 27734 | Orc:3    | Lost mutation: Your mind is acute. (Int +2) [helix card]
 27740 | Orc:3    | Lost mutation: Your body is slowly deteriorating. [helix card]
 27740 | Orc:3    | XOM: give mutations
 27740 | Orc:3    | Gained mutation: You have sharp toenails. [Xom's grace]
 27740 | Orc:3    | Gained mutation: You are very agile. (Dex +4) [Xom's grace]
 27740 | Orc:3    | Gained mutation: You evolve. [Xom's grace]
 27742 | Orc:3    | XOM: 2-stop teleportation journey
 28019 | Orc:3    | XOM: vitrification
 28634 | Orc:4    | Entered Level 4 of the Orcish Mines
 28665 | Orc:4    | Found a staircase to the Elven Halls.
 28736 | Orc:4    | XOM: silly message
 28744 | Orc:4    | XOM: draining
 29344 | Orc:4    | XOM: summons friendly shadow imp
 29348 | Orc:4    | XOM: destruction
 29509 | Orc:4    | Found Croown's Distillery.
 29509 | Orc:4    | Found Raifoosh's Magic Scroll Emporium.
 29512 | Orc:4    | Found Buwn's Weapon Shop.
 29514 | Orc:4    | Found Ogoil's Armour Shoppe.
 29522 | Orc:4    | Bought a scroll of noise for 13 gold pieces
 29522 | Orc:4    | Bought a scroll of identify for 26 gold pieces
 29522 | Orc:4    | Bought a scroll of identify for 26 gold pieces
 29522 | Orc:4    | Bought a scroll of fog for 26 gold pieces
 29526 | Orc:4    | Bought the +7 chain mail "Schoz" {Slay+5} for 945 gold pieces
 29923 | Snake:1  | Entered Level 1 of the Snake Pit
 29961 | Snake:1  | XOM: polymorph black mamba -> unseen horror
 30036 | Snake:1  | XOM: god gift: scroll of enchant weapon
 30076 | Snake:1  | Learned a level 3 spell: Regeneration
 30090 | Snake:1  | XOM: give mutations
 30090 | Snake:1  | Gained mutation: Your mind is acute. (Int +2) [Xom's grace]
 30090 | Snake:1  | Gained mutation: You are resistant to hostile enchantments. [Xom's grace]
 30245 | Snake:1  | XOM: 5-stop teleportation journey
 30453 | Snake:1  | XOM: harmless Pois miscast
 30454 | Snake:1  | XOM: mild Divn miscast
 30680 | Snake:1  | Got a dazzling cloak
 30691 | Snake:1  | Identified the cursed -3 cloak of Supple Strength {rF+ SInv} (You found it on level 1 of the Snake Pit)
 30802 | Snake:1  | XOM: noise
 31063 | Snake:1  | XOM: chaos upgrade
 31068 | Snake:1  | XOM: summons 7 hostile demons
 31205 | Snake:2  | Found an opulent altar of Gozag.
 31226 | Snake:2  | Found Kloxt's Magic Scroll Boutique.
 31243 | Snake:2  | Kloxt's Magic Scroll Boutique was a mimic.
 31246 | Snake:2  | Reached XP level 16. HP: 147/147 MP: 32/32
 31315 | Snake:2  | XOM: colour smoke trail
 31327 | Snake:2  | XOM: noise
 31329 | Snake:2  | XOM: harmless Trmt miscast
 31593 | Snake:2  | XOM: silly message
 31909 | Snake:2  | Reached skill level 10 in Dodging
 31947 | Snake:2  | XOM: harmless Ice miscast
 32024 | Snake:2  | Reached skill level 1 in Necromancy
 32093 | Snake:2  | Reached skill level 1 in Translocations
 32185 | Snake:2  | XOM: noise
 32262 | Snake:3  | XOM: vitrification
 32397 | Snake:3  | XOM: swap weapons
 32466 | Snake:3  | Lost mutation: You are robust (+10% HP). [mutagenic meat]
 32514 | Snake:3  | Gained mutation: You have a pair of small horns on your head. [evolution]
 32532 | Snake:3  | Noticed Aizul
 32533 | Snake:3  | XOM: divination: detect creatures
 32534 | Snake:3  | XOM: noise
 32546 | Snake:3  | Killed Aizul
 32785 | Snake:3  | XOM: potion effect (agility)
 32827 | Snake:3  | Reached skill level 5 in Charms
 33259 | Snake:4  | XOM: enchant monster (good)
 33260 | Snake:4  | XOM: summons 3 hostile shadow creatures
 33266 | Snake:4  | XOM: summons friendly quasit
 33267 | Snake:4  | XOM: 1-stop teleportation journey
 33328 | Snake:4  | XOM: colour smoke trail
 33447 | Snake:4  | XOM: enchant monster (bad)
 33555 | Snake:4  | XOM: swap monsters
 33772 | Snake:4  | XOM: harmless Pois miscast
 33809 | Snake:4  | Reached XP level 17. HP: 141/141 MP: 32/32
 33864 | Snake:5  | Entered Level 5 of the Snake Pit
 34025 | Snake:5  | XOM: summons 7 friendly demons
 34072 | Snake:5  | XOM: blink monster(s)
 34218 | Snake:5  | XOM: 1-stop teleportation journey
 34219 | Snake:5  | Noticed Vashnia
 34224 | Snake:5  | XOM: noise
 34250 | Snake:5  | XOM: torment (37/144 hp)
 34552 | Snake:5  | XOM: swap weapons
 34732 | Snake:1  | XOM: harmless Chrm miscast
 34773 | Snake:2  | XOM: god gift: 7 royal jellies
 34873 | Snake:5  | Killed Vashnia
 35022 | Snake:5  | XOM: medium Hex miscast
 35250 | Snake:5  | XOM: enchant monster (good)
 35332 | Snake:5  | XOM: chaos upgrade
 35350 | Snake:5  | XOM: noise
 35438 | Snake:5  | XOM: swap weapons
 35513 | Snake:5  | XOM: noise
 35730 | Snake:5  | Lost mutation: You are resistant to electric shocks. [evolution]
 35730 | Snake:5  | Lost mutation: You evolve. [end of evolution]
 35788 | Snake:5  | XOM: enchant monster (good)
 35842 | Snake:5  | XOM: potion effect (might)
 36046 | Snake:5  | XOM: harmless Tloc miscast
 36140 | Snake:5  | Reached XP level 18. HP: 153/157 MP: 33/33
 36163 | Snake:5  | Got a serpentine rune of Zot
 36470 | Shoals:1 | XOM: harmless Ice miscast
 36682 | Shoals:1 | Noticed Josephine
 36682 | Shoals:1 | XOM: noise
 36687 | Shoals:1 | Killed Josephine
 36750 | Shoals:1 | XOM: medium Erth miscast
 36876 | Shoals:2 | Noticed Polyphemus
 36880 | Shoals:2 | XOM: chaos upgrade
 36894 | Shoals:2 | Killed Polyphemus
 37004 | Shoals:2 | XOM: cast spell 'Chain of Chaos'
 37019 | Shoals:2 | XOM: harmless Necr miscast
 37050 | Shoals:2 | XOM: 7-stop teleportation journey
 37121 | Shoals:2 | XOM: give mutations
 37121 | Shoals:2 | Gained mutation: You evolve. [Xom's grace]
 37121 | Shoals:2 | Gained mutation: You can spit moderately strong poison. [Xom's grace]
 37121 | Shoals:2 | Gained mutation: You can breathe fire. [Xom's grace]
 37219 | Shoals:2 | XOM: summons friendly white imp
 37224 | Shoals:2 | XOM: blink monster(s)
 37233 | Shoals:2 | XOM: destruction
 37234 | Shoals:2 | XOM: confuse monster(s)
 37258 | Shoals:2 | XOM: destruction
 37267 | Shoals:2 | XOM: divine lightning
 37328 | Shoals:2 | XOM: god gift: 2 potions of resistance
 37433 | Shoals:3 | XOM: enchant monster (bad)
 37440 | Shoals:3 | XOM: blink monster(s)
 37441 | Shoals:3 | XOM: swap weapons
 37445 | Shoals:3 | XOM: summons friendly crimson imp
 37447 | Shoals:3 | XOM: summons friendly iron imp
 37461 | Shoals:3 | XOM: blink monster(s)
 37904 | Shoals:5 | Entered Level 5 of the Shoals
 38034 | Shoals:5 | XOM: 5-stop teleportation journey
 38172 | Shoals:5 | XOM: harmless Hex miscast
 38183 | Shoals:5 | Got a barnacled rune of Zot
 38349 | Shoals:5 | Got a pitted war axe
 38350 | Shoals:5 | Identified the cursed +7 war axe "Stringbean" {speed, Str+4 Int+2} (You took it off a merfolk impaler on level 5 of the Shoals)
 39188 | D:13     | Found a flagged portal.
 39194 | Bailey   | Entered a bailey
 39204 | Bailey   | XOM: harmless Trmt miscast
 39577 | D:13     | XOM: confuse monster(s)
 39633 | D:13     | XOM: enchant monster (good)
 39850 | D:13     | Reached skill level 15 in Fighting
 39991 | D:13     | Noticed Harold
 40000 | D:13     | Killed Harold
 40068 | D:14     | XOM: cast spell 'Blink'
 40190 | D:14     | Gained mutation: You rapidly evolve. [evolution]
 40288 | D:14     | XOM: divination: detect creatures
 40293 | D:14     | Reached skill level 15 in Armour
 40360 | D:14     | XOM: harmless Erth miscast
 40467 | D:14     | Found a gate to the Vaults.
 40472 | D:14     | XOM: divination: detect items
 40871 | D:14     | Reached XP level 19. HP: 161/170 MP: 32/34
 40872 | D:14     | XOM: harmless Summ miscast
 40990 | D:14     | XOM: noise
 41046 | D:14     | Gained mutation: You can breathe blasts of fire. [potion of beneficial mutation]
 41455 | D:14     | XOM: noise
 41475 | D:15     | Entered Level 15 of the Dungeon
 41598 | D:15     | XOM: enchant monster (bad)
 41729 | D:15     | Found a staircase to the Depths.
 41805 | D:15     | XOM: 3-stop teleportation journey
 41843 | D:15     | XOM: noise
 41946 | D:15     | XOM: harmless Hex miscast
 42079 | D:15     | XOM: harmless Pois miscast
 42141 | D:15     | XOM: summons 3 hostile shadow creatures
 42168 | D:15     | XOM: harmless Tloc miscast
 42231 | D:15     | XOM: give mutations
 42231 | D:15     | Gained mutation: You are resistant to electric shocks. [Xom's grace]
 42231 | D:15     | Gained mutation: Your mind is very acute. (Int +4) [Xom's grace]
 42610 | Vaults:1 | Entered Level 1 of the Vaults
 42614 | Vaults:1 | XOM: polymorph rakshasa -> apocalypse crab
 42750 | Vaults:1 | XOM: chaos upgrade
 42988 | Vaults:1 | XOM: chaos upgrade
 43380 | Vaults:1 | Reached skill level 5 in Necromancy
 43597 | Vaults:1 | XOM: harmless Hex miscast
 43746 | Vaults:2 | Found a shimmering altar of Xom.
 43801 | Vaults:2 | Reached skill level 5 in Air Magic
 43809 | Vaults:2 | XOM: cast spell 'Confusing Touch'
 44017 | Vaults:2 | XOM: silly message
 44042 | Vaults:2 | XOM: silly message
 44256 | Vaults:2 | Found a staircase to the Crypt.
 44334 | Vaults:2 | XOM: divination: magic mapping
 44376 | Vaults:2 | Reached skill level 5 in Translocations
 45192 | Vaults:2 | XOM: harmless Fire miscast
 45310 | Vaults:2 | XOM: divination: detect creatures
 45384 | Vaults:3 | XOM: divination: detect creatures
 45465 | Vaults:3 | XOM: silly message
 45468 | Vaults:3 | XOM: potion effect (brilliance)
 45469 | Vaults:3 | XOM: cast spell 'Blink'
 45519 | Vaults:3 | Reached XP level 20. HP: 180/180 MP: 34/34
 45525 | Vaults:3 | Lost mutation: You are very agile. (Dex +4) [evolution]
 45733 | Vaults:3 | XOM: mild Necr miscast
 45796 | Vaults:3 | Noticed Asterion
 45807 | Vaults:3 | Killed Asterion
 46023 | Vaults:3 | XOM: silly message
 46082 | Vaults:3 | XOM: polymorph stone giant -> stone giant
 46227 | Vaults:3 | XOM: cast spell 'Ring of Flames'
 46310 | Vaults:3 | XOM: noise
 46919 | Vaults:4 | XOM: cast spell 'Summon Small Mammal'
 46946 | Vaults:4 | XOM: 1-stop teleportation journey
 47121 | Vaults:4 | XOM: enchant monster (good)
 47138 | Vaults:4 | XOM: god gift: 4 meat rations
 47314 | Vaults:4 | XOM: swap monsters
 47399 | Vaults:4 | XOM: enchant monster (good)
 48017 | Vaults:4 | XOM: 5-stop teleportation journey
 48151 | Vaults:3 | XOM: divine lightning (protected)
 48269 | D:14     | XOM: vitrification
 48441 | D:10     | Bought a scroll of immolation for 49 gold pieces
 48441 | D:10     | Bought a scroll of blinking for 105 gold pieces
 48683 | Vaults:2 | XOM: god gift: 14 gold pieces
 48753 | Vaults:3 | XOM: polymorph yaktaur -> queen bee
 48756 | Vaults:3 | XOM: confuse monster(s)
 48789 | Vaults:3 | XOM: summons friendly ufetubus
 48791 | Vaults:3 | XOM: give mutations
 48791 | Vaults:3 | Gained mutation: You can spit strong poison. [Xom's grace]
 48791 | Vaults:3 | Gained mutation: Your flesh is very heat resistant. [Xom's grace]
 48791 | Vaults:3 | Gained mutation: You passively map the area around you. [Xom's grace]
 48946 | Vaults:5 | Entered Level 5 of the Vaults
 48949 | Vaults:5 | XOM: polymorph vault guard -> eight-headed hydra
 48963 | Vaults:5 | XOM: mild Fire miscast
 48964 | Vaults:5 | Reached XP level 21. HP: 146/191 MP: 14/35
 48966 | Vaults:5 | Reached skill level 15 in Dodging
 49005 | Vaults:5 | XOM: enchant monster (bad)
 49017 | Vaults:5 | XOM: enchant monster (bad)
 49027 | Vaults:5 | XOM: mild Pois miscast
 49069 | Vaults:5 | Got an ancient cloak
 49080 | Vaults:5 | Identified the cursed -6 cloak of Hedging {Int-2} (You found it on level 5 of the Vaults)
 49108 | Vaults:5 | XOM: colour smoke trail
 49242 | Vaults:5 | Lost mutation: You possess an exceptional clarity of mind. [potion of mutation]
 49262 | Vaults:5 | XOM: noise
 49375 | Vaults:5 | XOM: polymorph fire giant -> shadow dragon
 49386 | Vaults:5 | XOM: summons 10 hostile demons
 49600 | Vaults:5 | XOM: enchant monster (bad)
 49617 | Vaults:5 | Noticed a golden dragon
 49627 | Vaults:5 | Killed a golden dragon
 49930 | Vaults:5 | XOM: summons 1 hostile demon
 49931 | Vaults:5 | XOM: divine lightning
 49945 | Vaults:5 | XOM: mild Pois miscast
 50069 | Vaults:5 | Lost mutation: You are resistant to hostile enchantments. [evolution]
 50123 | Vaults:5 | XOM: colour smoke trail
 50131 | Vaults:5 | XOM: silly message
 50185 | Vaults:5 | XOM: confuse monster(s)
 50191 | Vaults:5 | Reached XP level 22. HP: 64/202 MP: 5/36
 50197 | Vaults:5 | XOM: polymorph shadow dragon -> iron dragon
 50217 | Vaults:5 | XOM: harmless Ice miscast
 50252 | Vaults:5 | XOM: summons 1 hostile demon
 50256 | Vaults:5 | XOM: colour smoke trail
 50274 | Vaults:5 | XOM: 1-stop teleportation journey
 50564 | Vaults:5 | XOM: summons 3 friendly demons
 50613 | Vaults:5 | XOM: mild Divn miscast
 50613 | Vaults:5 | Paralysed by a sphinx for 7 turns
 50616 | Vaults:5 | Noticed a golden dragon
 50621 | Vaults:5 | Demolished by an ettin zombie

Action                   |  1- 3 |  4- 6 |  7- 9 | 10-12 | 13-15 | 16-18 | 19-21 | 22-24 || total
-------------------------+-------+-------+-------+-------+-------+-------+-------+-------++-------
Melee: Hand axe          |   108 |   186 |   480 |   503 |    33 |       |       |       ||  1310
       Whip              |     6 |       |       |    10 |       |       |       |       ||    16
       Unarmed           |       |       |       |     3 |       |       |       |       ||     3
       Battleaxe         |       |       |       |   439 |  1492 |  1120 |  1175 |    95 ||  4321
       Broad axe         |       |       |       |    11 |    45 |       |       |       ||    56
       Club              |       |       |       |       |       |     3 |       |       ||     3
 Cast: Flight            |       |       |       |       |     1 |     1 |       |       ||     2
       Repel Missiles    |       |       |       |       |       |     7 |     8 |       ||    15
       Regeneration      |       |       |       |       |       |       |     6 |       ||     6
       Blink             |       |       |       |       |       |       |     5 |       ||     5
 Abil: Breathe Fire      |       |     6 |    30 |    42 |    22 |     3 |    11 |       ||   114
       Spit Poison       |       |       |       |    10 |     4 |     9 |     1 |       ||    24
       Evoke Flight      |       |       |       |       |       |     2 |       |       ||     2
Evoke: Wand              |       |       |    17 |    44 |    62 |    47 |     6 |       ||   176
       Deck              |       |       |       |     7 |    17 |       |       |       ||    24
       Fan of gales      |       |       |       |       |     1 |       |       |       ||     1
       Lamp of fire      |       |       |       |       |       |       |     3 |       ||     3
  Use: Potion            |       |     1 |     2 |     9 |     5 |     6 |     9 |     1 ||    33
       Scroll            |       |     7 |     7 |    17 |    13 |    15 |     4 |     3 ||    66
 Stab: Paralysed         |     3 |     1 |    17 |    25 |     2 |       |       |       ||    48
       Confused          |       |     1 |     3 |    15 |     7 |     1 |     2 |       ||    29
       Petrified         |       |       |     5 |     1 |       |       |     1 |       ||     7
       Petrifying        |       |       |     2 |     2 |       |       |       |       ||     4
       Distracted        |       |       |       |     3 |     4 |     3 |       |       ||    10
       Invisible         |       |       |       |       |     9 |     5 |     2 |       ||    16
       Fleeing           |       |       |       |       |       |     1 |       |       ||     1
  Eat: Chunk             |     3 |     7 |    17 |    34 |    55 |    31 |    27 |       ||   174
       Pizza             |       |       |     1 |     1 |     1 |       |     2 |       ||     5
       Fruit             |       |       |       |     4 |     3 |     1 |     1 |       ||     9
       Royal jelly       |       |       |       |       |     1 |     9 |     1 |       ||    11
       Meat ration       |       |       |       |       |       |     1 |       |       ||     1
       Beef jerky        |       |       |       |       |       |     4 |     1 |       ||     5
